 Dungeon Crawl Stone Soup version 0.31-a0-221-gbddc013574 (webtiles) character file.

Game seed: 13411612257046051410

501 pokeman the Magician (level 6, 0/34 HPs)
             Began as a Deep Elf Hedge Wizard on July 4, 2023.
             Killed from afar by an orc wizard (3 damage)
             ... with a magic dart
             ... on level 5 of the Dungeon.
             The game lasted 00:08:07 (5250 turns).

pokeman the Magician (Deep Elf Hedge Wizard)        Turns: 5250, Time: 00:08:08

Health: 0/34       AC:  3    Str:  7    XL:     6   Next: 95%
Magic:  4/18       EV: 13    Int: 21    God:
Gold:   253        SH:  0    Dex: 14    Spells: 12/20 levels left

rFire   . . .        a - +0 dagger
rCold   . . .        (no shield)
rNeg    . . .        b - +0 robe
rPois   .            c - +0 hat
rElec   .            (no cloak)
rCorr   .            e - +0 pair of gloves
SInv    .            (no boots)
Will    .....        q - amulet of reflection
Stlth   +            (no ring)
HPRegen 0.25/turn    (no ring)
MPRegen 0.16/turn

%: reflection
@: confused
A: no striking features
a: no special abilities


You were on level 5 of the Dungeon.
You visited 1 branch of the dungeon, and saw 5 of its levels.

You collected 253 gold pieces.

Inventory:

Hand Weapons
 a - a +0 dagger (weapon)
Armour
 b - a +0 robe (worn)
 c - a +0 hat (worn)
 e - a +0 pair of gloves (worn)
 m - a +0 buckler
Jewellery
 q - an amulet of reflection (around neck)
Wands
 n - a wand of acid (5)
Scrolls
 f - 2 scrolls of poison {unknown}
 g - 2 scrolls of enchant weapon {unknown}
 h - a scroll of blinking {unknown}
 i - 4 scrolls of identify {unknown}
 j - 3 scrolls of vulnerability {unknown}
 k - 2 scrolls of fear {unknown}
 r - 2 scrolls of noise {unknown}
 t - a scroll of summoning {unknown}
Potions
 d - a potion of magic
 l - 2 potions of mutation {unknown}
 o - 2 potions of brilliance {unknown}
 p - a potion of degeneration {unknown}
 s - a potion of lignification {unknown}


   Skills:
 + Level 1.2 Fighting
 - Level 1.0 Armour
 - Level 3.0 Dodging
 - Level 3.2 Stealth
 - Level 1.0 Shields
 * Level 7.5 Spellcasting
 + Level 3.6 Conjurations
 - Level 1.1 Summonings
 - Level 1.1 Translocations
 + Level 1.3 Air Magic
 - Level 1.0 Poison Magic
 - Level 1.2 Evocations


You had 12 spell levels left.
You knew the following spells:

 Your Spells              Type           Power      Damage    Failure   Level
a - Magic Dart            Conj           92%        1d7       1%          1
b - Mephitic Cloud        Conj/Pois/Air  16%        N/A       11%         3
c - Call Imp              Summ           24%        N/A       9%          2
d - Blink                 Tloc           24%        N/A       9%          2

Your spell library contained the following spells:

 Spells                   Type           Power      Damage    Failure   Level
 Slow                     Hex            28%        N/A       9%          1
 Cigotuvi's Dreadful Rot  Necr/Pois/Air  22%        N/A       9%          2
 Ensorcelled Hibernation  Hex/Ice        14%        N/A       13%         2
 Passwall                 Tmut/Erth      5%         N/A       13%         2
 Swiftness                Air            13%        N/A       14%         3


Dungeon Overview and Level Annotations

Branches:
Dungeon (5/15)
 Temple: D:4-7

Altars:
Fedhas
Gozag
Yredelemnul


Message History

The orc wizard hits you but does no damage.
The orc hits you with a +0 hand axe.
* * * LOW HITPOINT WARNING * * *
The orc wizard gestures at you while chanting.
You are more confused.
Found 6 stones.
The orc wizard misses you.
You barely miss the orc wizard.
The orc wizard is almost dead.
The orc hits you with a +0 hand axe.
* * * LOW HITPOINT WARNING * * *
The orc wizard misses you.
You hit the orc wizard but do no damage.
The orc wizard is almost dead.
The orc hits you with a +0 hand axe.
* * * LOW HITPOINT WARNING * * *
The orc wizard barely misses you.
The orc wizard attacks as you move away!
The orc wizard barely misses you.
You closely miss the orc wizard.
The orc wizard is almost dead.
The orc barely misses you.
The orc wizard hits you but does no damage.
The orc attacks as you move away! The orc hits you with a +0 hand axe.
* * * LOW HITPOINT WARNING * * *
The orc wizard attacks as you move away!
The orc wizard hits you with a +0 dagger.
* * * LOW HITPOINT WARNING * * *
The orc wizard mumbles some strange words.
The orc wizard flickers and vanishes!
Deactivating autopickup; reactivate with Ctrl-A.
You hear some strange, mumbled words.
You are more confused.
The orc hits you but does no damage. The orc attacks as you move away!
The orc closely misses you. The orc attacks as you move away!
The orc hits you but does no damage.
You see here 7 stones.
The orc hits you but does no damage.
A magic dart appears from out of thin air!
The magic dart hits you.
You die...

............#.....###...#
.............#..#. .#.#
........###....## . .##
.........####..# ... ..
...##...####..##...# ..
.#.......#.........# ...
....###............. # ...
.....#.............. ##..#
..........@(........ ...##
#..........o........ ....#
...........{........
S....###..................
)g.....#...........#......
o.................###....
.{##...##................
.†....go#................
...## #<..............


You could see an orc.

Vanquished Creatures
  A black bear (D:4)
  A gnoll bouda (D:3)
  2 jellies
  2 iguanas (D:4)
  Terence (D:2)
  A hound zombie (D:3)
  7 gnolls
  5 adders
  An ufetubus (D:5)
  An adder zombie (D:3)
  3 worms
  3 dart slugs
  4 orcs
  6 ball pythons
  A bat (D:1)
  4 endoplasms
  3 giant cockroaches
  3 goblins
  6 hobgoblins
  3 jackals (D:3)
  3 quokkas
  2 frilled lizards (D:1)
  6 kobolds
  2 rats (D:1)
71 creatures vanquished.

Vanquished Creatures (collateral kills)
  An iguana (D:4)
1 creature vanquished.

Grand Total: 72 creatures vanquished

Notes
Turn   | Place    | Note
-------+----------+-------------------------------------------
     0 | D:1      | pokeman the Deep Elf Hedge Wizard began the quest for the
                  | Orb.
     0 | D:1      | Reached XP level 1. HP: 10/10 MP: 7/7
   349 | D:1      | Reached XP level 2. HP: 16/16 MP: 2/9
   782 | D:1      | Found a faded altar of an unknown god.
   783 | D:1      | Noticed a great orb of eyes
   858 | D:1      | Noticed a great orb of eyes
   862 | D:1      | Noticed a great orb of eyes
   867 | D:1      | Noticed an eye of devastation
  1493 | D:2      | Reached skill level 5 in Spellcasting
  1541 | D:2      | Reached XP level 3. HP: 20/20 MP: 5/11
  1545 | D:2      | Learned a level 3 spell: Mephitic Cloud
  1548 | D:2      | Learned a level 2 spell: Call Imp
  1551 | D:2      | Learned a level 2 spell: Blink
  1782 | D:2      | Noticed Terence
  1798 | D:2      | Killed Terence
  1799 | D:2      | Reached skill level 1 in Fighting
  1799 | D:2      | Reached skill level 1 in Armour
  1994 | D:2      | Reached XP level 4. HP: 22/25 MP: 5/13
  2744 | D:3      | Found a blossoming altar of Fedhas.
  3317 | D:3      | Reached skill level 6 in Spellcasting
  3417 | D:3      | Found a basalt altar of Yredelemnul.
  3554 | D:3      | Reached XP level 5. HP: 29/29 MP: 11/15
  3807 | D:3      | Reached skill level 1 in Shields
  3960 | D:4      | Noticed a black bear
  3977 | D:4      | Killed a black bear
  3978 | D:4      | Reached skill level 1 in Evocations
  3978 | D:4      | Reached XP level 6. HP: 34/34 MP: 9/17
  4106 | D:4      | Reached skill level 7 in Spellcasting
  4298 | D:4      | Found an opulent altar of Gozag.
  4683 | D:5      | Entered Level 5 of the Dungeon
  4703 | D:4      | Reached skill level 1 in Air Magic
  4703 | D:4      | Reached skill level 1 in Poison Magic
  5243 | D:5      | HP: 1/34 [orc wizard/+0 dagger (1)]
  5250 | D:5      | Killed from afar by an orc wizard

Illustrated notes

Levels and vault maps discovered:
D:1:      minmay_arrival_cross, layout_basic,
          hellmonk_ecumenical_altar_watching_god, moated_statue,
          dreamdust_princess_corridor, minivault_5, minmay_pentomino_w2
D:2:      layout_basic, amcnicky_mini_pool_small, uniq_terence
D:3:      layout_basic, fedhas_altar_3, lemuel_zombie_altar_yredelemnul
D:4:      layout_basic, nicolae_gozag_seed_capital
D:5:      layout_cave_pools, serial_shops, nicolae_shop_dealshenge, shop

Skill      XL: |  1  2  3  4  5  6 |
---------------+-------------------+-----
Spellcasting   | 5 6 7 |  7.5
Fighting       | 1 |  1.2
Armour         | 1 |  1.0
Conjurations   | 2 3 |  3.6
Dodging        | 3 |  3.0
Shields        | 1 |  1.0
Stealth        | 3 |  3.2
Evocations     | 1 |  1.2
Air Magic      | 1 |  1.3
Poison Magic   | 1 |  1.0
Summonings     | |  1.1
Translocations | |  1.1

Action                     |  1- 3 |  4- 6 || total
---------------------------+-------+-------++-------
  Melee: Dagger            |    24 |    69 ||    93
         Punch             |       |     1 ||     1
   Cast: Magic Dart        |    82 |   137 ||   219
         Mephitic Cloud    |     1 |    16 ||    17
         Call Imp          |     1 |     6 ||     7
   Stab: Confused          |     1 |     6 ||     7
 Armour: Robe              |    11 |    13 ||    24
  Dodge: Dodged            |    21 |    56 ||    77
  Block: Other             |       |    11 ||    11
         Reflection        |       |     1 ||     1

Table legend: (Time is in decaauts)
 A = Elapsed time spent in this place.
 B = Non-inter-level travel time spent in this place.
 C = Inter-level travel time spent in this place.
 D = Time resting spent in this place.
 E = Time spent auto-exploring this place.
 F = Levels seen in this place.
 G = Mean time per level.
                   A        B        C        D        E       F      G
               +--------+--------+--------+--------+--------+-----+--------+
         Total |   5255 |   4943 |    312 |    295 |   3950 |   5 | 1051.0 |
       Dungeon |   5255 |   4943 |    312 |    295 |   3950 |   5 | 1051.0 |
               +--------+--------+--------+--------+--------+-----+--------+

Top non-repeatable levels by time:
     D:3: 1635 daAuts
     D:1: 1329 daAuts
     D:4: 1126 daAuts
     D:2: 955 daAuts
     D:5: 209 daAuts
